 Dungeon Crawl Stone Soup version bcrawl-1.27.6 (webtiles) character file.

Game seed: 7779843055913992286

420215 Faustar the Destroyer (level 15, -2/128 HPs)
             Began as a Green Draconian Conjurer on Sept 24, 2020.
             Was an Elder of Sif Muna.
             Slain by a shambling mangrove (10 damage)
             ... on level 2 of the Swamp.
             The game lasted 01:56:56 (25021 turns).

Faustar the Destroyer (Green Draconian Conjurer)   Turns: 25021, Time: 01:56:56

Health: -2/128     AC: 12    Str: 11    XL:     15   Next: 6%
Magic:  0/26       EV: 14    Int: 21    God:    Sif Muna [****..]
Gold:   1567       SH:  0    Dex: 12    Spells: 2/29 levels left

rFire    + . .     SeeInvis .   n - staff of conjuration
rCold    + . .     Gourm    +   (no shield)
rNeg     . . .     Faith    .   (armour unavailable)
rPois    +         Spirit   .   (helmet restricted)
rElec    +         Reflect  .   w - scarf {repulsion}
rCorr    +         Harm     .   s - +1 pair of gloves
MR       +....                  W - +0 pair of boots
Stlth    ++........             J - amulet of the gourmand
HPRegen  0.31/turn              (no ring)
MPRegen  0.20/turn              G - ring of resist corrosion

@: lethally poisoned (-2 -> -10), resistant, grasped by roots, slowed,
constricted, no casting, repel missiles, very slow
A: breathe noxious fumes, unfitting armour, stinger 1, poison resistance,
cold-blooded, AC +9
a: Breathe Noxious Fumes, Stop Divine Energy, Channel Magic, Forget Spell,
Renounce Religion


You were on level 2 of the Swamp.
You worshipped Sif Muna.
Sif Muna was greatly pleased with you.
You were very hungry.

You visited 4 branches of the dungeon, and saw 19 of its levels.
You also visited: Ice Cave.

You collected 1721 gold pieces.
You spent 154 gold pieces at shops.

Inventory:

Hand Weapons
 Z - the +8 halberd "Worm's Wrath" {drain, MP+9 Str+3}
   (You found it on level 4 of the Lair of Beasts)

   A truly terrible weapon, it drains the life of those it strikes.
   It affects your strength (+3).
   It affects your magic capacity (+9).
Missiles
 r - 4 throwing nets {=f}
Armour
 s - a +1 pair of gloves (worn)
 t - a +0 cloak
 w - a scarf of repulsion (worn)
 W - a +0 pair of boots (worn)
Magical Staves
 c - an uncursed staff of earth
 n - an uncursed staff of conjuration (weapon)
 L - an uncursed staff of power
Jewellery
 i - an uncursed ring of poison resistance {unknown}
 j - the ring "Ekuruvuhuu" {Ice MR+}
   (You found it on level 3 of the Lair of Beasts)

   [ring of ice]

   It enhances your ice magic.
   It makes you vulnerable to fire.
   It protects you from cold.
   It affects your resistance to hostile enchantments.
 G - a ring of resist corrosion (right hand)
 J - an amulet of the gourmand (around neck)
Wands
 o - a wand of paralysis (13)
 v - a wand of polymorph (10)
 x - a wand of digging (7)
 y - a wand of disintegration (4)
 C - a wand of random effects (1)
 M - a wand of enslavement (9)
 O - a wand of flame (40)
 P - a wand of acid (3)
 R - a wand of iceblast (20)
Scrolls
 d - 3 scrolls of immolation
 f - 6 scrolls of magic mapping
 g - 14 scrolls of remove curse
 h - 2 scrolls of enchant weapon
 p - 4 scrolls of enchant armour
 q - 5 scrolls of amnesia
 A - a scroll of fear
 B - 2 scrolls of teleportation
 D - 3 scrolls of vulnerability
 T - 2 scrolls of torment
 X - 2 scrolls of fog
Potions
 a - 12 potions of brilliance
 b - a potion of magic
 l - 4 potions of might
 u - 3 potions of curing
 E - 4 potions of mutation
 F - 3 potions of agility
 H - a potion of invisibility
 K - a potion of berserk rage
 Q - 2 potions of cancellation
Miscellaneous
 k - a lightning rod (4/4)
Comestibles
 e - 28 rations {!d}


   Skills:
 - Level 10.4 Fighting
 - Level 9.4 Dodging
 - Level 2.0 Stealth
 - Level 7.7 Spellcasting
 - Level 14.0 Conjurations
 + Level 7.4 Hexes
 - Level 5.0 Charms
 - Level 8.0 Summonings
 - Level 5.0 Necromancy
 - Level 12.0 Poison Magic
 - Level 3.6 Invocations


You had 2 spell levels left.
You knew the following spells:

 Your Spells              Type           Power        Failure   Level  Hunger
a - Magic Dart            Conj           ####         1%          1    None
b - Searing Ray           Conj           #######.     1%          2    None
c - Fulminant Prism       Conj/Hex       ######....   1%          4    None
d - Regeneration          Chrm/Necr      ####......   3%          3    None
e - Confuse               Hex            #####...     1%          3    None
f - Poison Arrow          Conj/Pois      #######...   6%          6    None
g - Mephitic Cloud        Conj/Pois/Air  ######..     1%          3    None
h - Summon Mana Viper     Hex/Summ       #####...     10%         5    #####..

Your spell library contained the following spells:

 Spells                   Type           Power        Failure   Level  Hunger
 Shock                    Conj/Air       #####        1%          1    None
 Slow                     Hex            #####...     1%          1    None
 Poisonous Vapours        Pois/Air       ####..       1%          2    None
 Song of Slaying          Chrm           ####....     1%          2    None
 Throw Frost              Conj/Ice       ######       1%          2    None
 Apportation              Tloc           #.....       9%          1    None
 Blink Other              Tloc           #.....       9%          1    None
 Freeze                   Ice            #.....       9%          1    None
 Blink                    Tloc           N/A          12%         2    None
 Sticks to Snakes         Tmut           #.......     12%         2    None
 Call Canine Familiar     Summ           #####...     1%          3    None
 False Image              Hex/Summ       #####...     1%          3    None
 Iskenderun's Mystic Bla  Conj           #######.     1%          3    None
 Spectral Weapon          Hex/Chrm       ####....     1%          3    None
 Stone Arrow              Conj/Erth      ######       1%          3    None
 Summon Scorpions         Summ/Pois      ######..     1%          4    ###....
 Throw Icicle             Conj/Ice       ######..     4%          4    None
 Iskenderun's Battlesphe  Conj/Chrm      ######..     4%          5    None
 Inner Flame              Hex/Fire       N/A          5%          3    None
 Ozocubu's Armour         Chrm/Ice       ###.....     9%          3    None
 Summon Demon             Summ           #####.....   9%          5    #####..
 Fireball                 Conj/Fire      ######....   13%         5    None
 Irradiate                Conj/Tmut      ######....   13%         5    None
 Summon Ice Beast         Ice/Summ       ###.....     16%         4    ###....
 Tree Form                Hex/Tmut       N/A          17%         4    ###....
 Orb of Destruction       Conj           #######...   22%         7    None
 Portal Projectile        Tloc           #.....       24%         3    None
 Teleport Other           Tloc           #.......     24%         3    None
 Piercing Shot            Chrm           ####......   28%         5    #####..
 Bolt of Magma            Conj/Fire/Erth #####.....   32%         5    None
 Summon Lightning Spire   Summ/Air       ###.....     41%         5    #####..
 Darkness                 Hex            #####.....   50%         6    ######.
 Invisibility             Hex            #####...     50%         6    ######.
 Conjure Ball Lightning   Conj/Air       ######....   56%         6    None
 Iron Shot                Conj/Erth      ######....   56%         6    None
 Spellforged Servitor     Conj/Summ      ######....   58%         7    None
 Ice Form                 Ice/Tmut       #.......     63%         4    ###....
 Mana Rupture             Conj/Hex       ######....   63%         7    None
 Infestation              Hex/Tmut/Pois  #####....    65%         6    ######.
 Death Channel            Chrm/Necr      ####......   85%         6    ######.
 Passage of Golubria      Tloc           N/A          92%         5    #####..
 Icicle Burst             Conj/Ice       ######....   98%         7    None
 Deflect Missiles         Chrm/Air       ###.......   99%         6    ######.
 Simulacrum               Ice/Necr       ###.......   99%         6    ######.
 Haunt                    Necr/Summ      #####.....   99%         7    #######
 Freezing Cloud           Ice/Air        #.........   100%        6    ######.
 Ozocubu's Refrigeration  Ice            #.........   100%        6    ######.
 Borgnjor's Revivificati  Necr           ####......   100%        8    #######
 Glaciate                 Conj/Ice/Air   #####.....   100%        8    None
 Necromutation            Tmut/Necr      ###.....     100%        8    #######


Dungeon Overview and Level Annotations

Branches:
Dungeon (9/12)             Temple (1/1) D:6            Lair (6/6) D:8
  Swamp (3/3) Lair:4       Spider (0/3) Lair:4        Slime (0/5) Lair:6
    Orc: D:8-11

Altars:
Ashenzari
Cheibriados
Dithmenos
Elyvilon
Fedhas
Gozag
Hepliaklqana
Kikubaaqudgha
Lugonu
Makhleb
Nemelex Xobeh
Okawaru
Qazlal
Ru
Sif Muna
Trog
Uskayaw
Vehumet
Wu Jian
Xom
Yredelemnul
Zin
The Shining One
Jiyva

Shops:
D:4 ?

Annotations:
Lair:2 3 runed translucent doors, FIQ's ghost, journeyman TrAc


Innate Abilities, Weirdness & Mutations

You can breathe blasts of noxious fumes.
Your lurid green scales are hard. (AC +9)
You cannot fit into any form of body armour.
Your tail ends in a poisonous barb.
Your system is resistant to poisons. (rPois)
You are cold-blooded and may be slowed by cold attacks.


Message History

The hornet is killed!
Sif Muna accepts your kill.
The hornet is engulfed in noxious fumes.
The hornet appears confused.
The hornet completely misses you.
The hornet is engulfed in noxious fumes.
The hornet appears confused.
The hornet stings you!
* * * LOW HITPOINT WARNING * * *
You feel yourself slow down.
The hornet is engulfed in noxious fumes.
The hornet appears confused.
The hornet barely misses you.
The roots' grasp on you weakens, but your attempt to escape fails.
You feel sick.
The hornet is engulfed in noxious fumes.
The hornet appears confused.
Your mana viper bites the hornet.
The hornet is engulfed in noxious fumes.
The hornet appears confused.
The hornet completely misses you.
The hornet is engulfed in noxious fumes.
The hornet appears confused.
The shambling mangrove hits you!!
* * * LOW HITPOINT WARNING * * *
You die...

♣....≈≈≈..♣♣ ♣♣♣≈≈≈≈≈.♣♣♣
♣.≈≈......≈♣♣ ♣.≈≈≈≈.§≈≈
♣.≈≈....≈..≈♣♣ ♣.≈≈≈≈≈...
♣♣≈..≈≈...[.≈♣♣♣≈..≈≈.≈≈.
♣♣♣.≈≈≈≈≈≈≈.)........≈≈≈
♣♣≈.≈≈≈y≈≈≈§....≈≈....≈≈≈
♣♣.≈≈...§§§.≈♣♣....≈≈≈..≈≈
♣≈§≈≈§.≈fy☼.≈♣♣.≈.≈≈≈≈..≈≈
♣.≈≈≈≈≈≈§@S..♣♣.≈≈.≈≈≈≈≈..
♣.≈≈≈≈≈≈≈..≈≈♣.≈≈≈.≈≈≈≈≈.≈
♣.≈≈≈≈≈≈...≈.≈.≈≈......≈≈≈
♣♣......≈≈..♣♣♣≈≈≈....≈..≈≈
♣.≈≈....≈≈≈≈♣ ♣≈≈≈≈♣<....≈≈
♣........≈≈≈♣♣♣♣♣♣..≈≈≈≈.≈≈
♣♣♣♣♣.≈≈≈.....≈♣♣♣.≈≈≈≈≈>..
♣♣≈.≈≈≈.§≈.≈§♣♣♣≈...≈≈..≈♣
♣...≈≈≈≈..♣♣♣♣♣≈.≈≈≈≈..≈♣♣


You could see a shambling mangrove, 2 hornets and a friendly mana viper.

Vanquished Creatures
  2 thorn hunters (Swamp:3)
  Frances (Swamp:1)
  A frost giant (IceCv)
  7 hydras
  2 shambling mangroves
  A centaur warrior (D:9)
  An anaconda (Lair:6)
  5 alligators
  2 two-headed ogres (D:8)
  8 death yaks
  A goliath frog (Swamp:3)
  A death drake (Swamp:1)
  A lindwurm (Lair:3)
  3 spriggan druids
  2 swamp dragons
  An ugly thing (D:8)
  A centaur zombie (D:9)
  8 elephants (Lair:4)
  2 ice statues (IceCv)
  8 black mambas
  10 cane toads
  2 torpor snails
  9 rime drakes
  8 komodo dragons
  3 tyrant leeches
  2 trolls (D:8)
  A bog body (Swamp:2)
  5 hornets
  15 polar bears
  16 blink frogs
  6 hippogriffs
  6 slime creatures
  5 dream sheep
  38 yaks
  Sigmund (D:4)
  6 spriggans
  3 wyverns
  A basilisk (Lair:6)
  A wraith (D:8)
  Grum (D:9)
  10 steam dragons (Lair:2)
  Menkaure (D:5)
  3 insubstantial wisps
  14 crocodiles
  6 swamp worms
  An acid dragon (Lair:2)
  Duvessa (D:5)
  7 porcupines
  4 swamp drakes
  2 black bears
  8 orc warriors
  5 sky beasts
  10 water moccasins
  2 ice beasts
  2 necrophages
  2 ogres
  2 phantoms
  28 wolves
  A boggart (Lair:5)
  7 centaurs
  3 big kobolds
  9 bullfrogs
  Blork the orc (D:4)
  Dowan (D:5)
  5 scorpions
  9 wights
  5 howler monkeys
  6 crimson imps
  3 jellies
  A quasit (D:8)
  A bullfrog zombie (D:6)
  8 orc priests
  3 bullfrog skeletons
  6 hounds
  9 orc wizards
  Jessica (D:3)
  3 iguanas
  3 worker ants
  A killer bee zombie (D:6)
  A hound skeleton (D:7)
  Robin (D:2)
  6 adders
  3 gnolls (D:8)
  A howler monkey skeleton (D:6)
  A shadow imp (D:6)
  2 adder zombies
  2 worms
  3 dart slugs
  8 leopard geckos
  44 orcs
  A bat zombie (D:3)
  4 giant cockroaches
  8 goblins
  6 hobgoblins
  6 jackals
  3 quokkas
  2 ball pythons
  2 bats (D:1)
  8 frilled lizards
  17 kobolds
  3 rats
  A rat zombie (D:3)
  A fulminant prism (D:9)
525 creatures vanquished.

Vanquished Creatures (others)
  A hornet (Lair:6)
  101 fulminant prisms
  12 fungi
  26 plants
140 creatures vanquished.

Grand Total: 665 creatures vanquished

Notes
Turn   | Place    | Note
-------+----------+-------------------------------------------
     0 | D:1      | Faustar the Draconian Conjurer began the quest for the Orb.
     0 | D:1      | Reached XP level 1. HP: 14/14 MP: 3/3
   183 | D:1      | Reached XP level 2. HP: 20/20 MP: 3/5
   405 | D:1      | Reached XP level 3. HP: 9/26 MP: 0/6
   693 | D:1      | Learned a level 2 spell: Searing Ray
  1105 | D:2      | Noticed Robin
  1118 | D:2      | Killed Robin
  1405 | D:2      | Reached XP level 4. HP: 32/33 MP: 8/8
  1606 | D:3      | Noticed Jessica
  1620 | D:3      | Killed Jessica
  1620 | D:3      | Reached skill level 5 in Conjurations
  1781 | D:3      | Reached XP level 5. HP: 34/38 MP: 1/10
  1873 | D:3      | Found a snail-covered altar of Cheibriados.
  2544 | D:3      | Found a shattered altar of Ashenzari.
  2686 | D:3      | Reached skill level 6 in Conjurations
  2686 | D:3      | Reached XP level 6. HP: 39/45 MP: 4/12
  2867 | D:3      | Found an ancient bone altar of Kikubaaqudgha.
  3104 | D:4      | Noticed Blork the orc
  3120 | D:4      | Killed Blork the orc
  3127 | D:4      | Learned a level 4 spell: Fulminant Prism
  3184 | D:4      | Reached skill level 1 in Hexes
  3290 | D:4      | Found Benlash's Magic Scroll Emporium.
  3296 | D:4      | Bought a scroll of magic mapping for 49 gold pieces
  3296 | D:4      | Bought a scroll of blinking for 105 gold pieces
  3426 | D:4      | Found an ornate altar of the Wu Jian Council.
  3534 | D:4      | Noticed Sigmund
  3540 | D:4      | Killed Sigmund
  3540 | D:4      | Your scales start taking on a lurid green colour.
  3540 | D:4      | Reached XP level 7. HP: 50/50 MP: 7/14
  3540 | D:4      | Gained mutation: Your system is resistant to poisons.
                  | (rPois) [Green Draconian growth]
  3910 | D:5      | Entered Level 5 of the Dungeon
  3994 | D:5      | Found an iron altar of Okawaru.
  4018 | D:5      | Found a blossoming altar of Fedhas.
  4019 | D:5      | Found a stormy altar of Qazlal.
  4156 | D:5      | Reached skill level 5 in Hexes
  4253 | D:5      | Found a basalt altar of Yredelemnul.
  4254 | D:5      | Noticed Menkaure
  4263 | D:5      | Killed Menkaure
  4263 | D:5      | Reached XP level 8. HP: 57/57 MP: 3/15
  4275 | D:5      | Noticed Duvessa
  4276 | D:5      | Found a shimmering blue altar of Sif Muna.
  4281 | D:5      | Found a burning altar of Makhleb.
  4300 | D:5      | Killed Duvessa
  4307 | D:5      | Became a worshipper of Sif Muna the Loreminder
  4310 | D:5      | Found a bloodstained altar of Trog.
  4313 | D:5      | Found a hide-covered altar of Uskayaw.
  4315 | D:5      | Found a sparkling altar of Nemelex Xobeh.
  4358 | D:5      | Noticed Dowan
  4368 | D:5      | Killed Dowan
  4368 | D:5      | Reached skill level 1 in Fighting
  5111 | D:6      | Noticed a hippogriff
  5119 | D:6      | Killed a hippogriff
  5276 | D:6      | Found a staircase to the Ecumenical Temple.
  5288 | Temple   | Entered the Ecumenical Temple
  5571 | D:6      | Reached skill level 5 in Fighting
  5647 | D:6      | Reached XP level 9. HP: 73/74 MP: 10/16
  5827 | D:6      | Reached skill level 5 in Dodging
  6747 | D:7      | Reached skill level 5 in Spellcasting
  6901 | D:7      | Reached * piety under Sif Muna
  7027 | D:7      | Reached skill level 7 in Conjurations
  7378 | D:8      | Found a white marble altar of Elyvilon.
  7395 | D:8      | Identified Rusme's Volume of Boosting Transmutation (Sif
                  | Muna gifted it to you on level 8 of the Dungeon)
  7395 | D:8      | Received a gift from Sif Muna
  7416 | D:7      | Learned a level 3 spell: Regeneration
  7478 | D:7      | Reached skill level 1 in Necromancy
  7808 | D:8      | Found the +27 Lear's hauberk
  7963 | D:8      | Noticed a troll
  7967 | D:8      | Noticed a troll
  7969 | D:8      | Noticed a red ugly thing
  7985 | D:7      | Reached XP level 10. HP: 77/82 MP: 9/19
  8070 | D:8      | Found a glowing golden altar of the Shining One.
  8070 | D:8      | Found an opulent altar of Gozag.
  8684 | D:8      | Noticed a two-headed ogre
  8846 | D:8      | Reached skill level 5 in Necromancy
  8949 | D:8      | Killed a red ugly thing
  8949 | D:8      | Reached ** piety under Sif Muna
  8949 | D:8      | Identified Sif Muna's Volume of Poisonous Curses (Sif Muna
                  | gifted it to you on level 8 of the Dungeon)
  8949 | D:8      | Received a gift from Sif Muna
  8955 | D:8      | Learned a level 3 spell: Confuse
  8962 | D:8      | Noticed a two-headed ogre
  9049 | D:8      | Learned a level 6 spell: Poison Arrow
  9065 | D:8      | Reached skill level 1 in Poison Magic
  9079 | D:8      | Killed a two-headed ogre
  9147 | D:8      | Killed a two-headed ogre
  9147 | D:8      | Reached skill level 8 in Conjurations
  9147 | D:8      | Reached skill level 5 in Poison Magic
  9357 | D:8      | Reached skill level 1 in Charms
  9710 | D:8      | Found a staircase to the Lair.
  9727 | Lair:1   | Entered Level 1 of the Lair of Beasts
  9733 | Lair:1   | Noticed a five-headed hydra
  9736 | Lair:1   | Reached XP level 11. HP: 69/89 MP: 2/22
  9832 | D:8      | HP: 4/89 [wraith (9)]
 10229 | D:9      | Identified Sif Muna's Handbook of Enthralling Displacement
                  | (Sif Muna gifted it to you on level 9 of the Dungeon)
 10229 | D:9      | Received a gift from Sif Muna
 10244 | D:9      | Noticed a centaur warrior
 10258 | D:9      | Killed a centaur warrior
 10877 | D:9      | Found a glowing silver altar of Zin.
 10877 | D:9      | Noticed an angel
 10899 | D:9      | Noticed Grum
 10911 | D:9      | Killed Grum
 10955 | D:9      | Noticed an eight-headed hydra
 10964 | D:9      | Killed an eight-headed hydra
 10964 | D:9      | Reached *** piety under Sif Muna
 10964 | D:9      | Reached skill level 9 in Conjurations
 11630 | Lair:1   | Reached skill level 5 in Charms
 11727 | Lair:1   | Identified Sif Muna's Incunabulum of the Arsonist and
                  | Attacks (Sif Muna gifted it to you on level 1 of the Lair
                  | of Beasts)
 11727 | Lair:1   | Received a gift from Sif Muna
 11733 | Lair:1   | Learned a level 3 spell: Mephitic Cloud
 12266 | Lair:1   | Killed a five-headed hydra
 12266 | Lair:1   | Reached skill level 10 in Poison Magic
 12438 | Lair:1   | Reached XP level 12. HP: 96/96 MP: 15/23
 12595 | Lair:1   | Reached skill level 10 in Conjurations
 13307 | Lair:2   | Reached skill level 11 in Conjurations
 13551 | Lair:2   | Reached **** piety under Sif Muna
 13551 | Lair:2   | Identified Sif Muna's Guide on Flight and Clay (Sif Muna
                  | gifted it to you on level 2 of the Lair of Beasts)
 13551 | Lair:2   | Received a gift from Sif Muna
 14033 | Lair:2   | Reached skill level 12 in Conjurations
 14105 | Lair:2   | Found a runed translucent gate.
 14106 | Lair:2   | Found a runed translucent gate.
 14106 | Lair:2   | Noticed FIQ's ghost (journeyman TrAc)
 14107 | Lair:2   | Found a runed translucent gate.
 14541 | Lair:3   | Noticed a death yak
 14542 | Lair:3   | Noticed a death yak
 14542 | Lair:3   | Noticed a death yak
 14565 | Lair:3   | Killed a death yak
 14644 | Lair:3   | Got an ancient brass ring
 14646 | Lair:3   | Identified the ring "Ekuruvuhuu" {Ice MR+} (You found it on
                  | level 3 of the Lair of Beasts)
 14784 | Lair:3   | Killed a death yak
 15137 | Lair:3   | Killed a death yak
 15490 | Lair:4   | Identified Sif Muna's Grimoire of the Escort (Sif Muna
                  | gifted it to you on level 4 of the Lair of Beasts)
 15490 | Lair:4   | Received a gift from Sif Muna
 15861 | Lair:4   | Reached XP level 13. HP: 91/102 MP: 9/24
 15987 | Lair:4   | Reached skill level 13 in Conjurations
 16533 | Lair:4   | Found a staircase to the Swamp.
 16982 | Lair:4   | Reached skill level 14 in Conjurations
 17068 | Lair:4   | Found a hole to the Spider Nest.
 17219 | Lair:4   | Got a scorched halberd
 17319 | Lair:4   | Identified the +8 halberd "Worm's Wrath" {drain, MP+9
                  | Str+3} (You found it on level 4 of the Lair of Beasts)
 17462 | Lair:5   | Found a frozen archway.
 17477 | IceCv    | Entered an ice cave
 17484 | IceCv    | Identified Sif Muna's Reference Book on Freezing Boosts
                  | (Sif Muna gifted it to you in an ice cave)
 17484 | IceCv    | Received a gift from Sif Muna
 18207 | IceCv    | Noticed a frost giant
 18234 | IceCv    | Killed a frost giant
 18357 | IceCv    | Got a fine halberd
 18364 | IceCv    | Identified the +12 halberd of Gozag's Whim {drain, Dex+3}
                  | (You found it in an ice cave)
 18366 | IceCv    | Got an ichor-stained great mace
 18367 | IceCv    | Identified the +6 great mace of Lihef {vamp, Int+3} (You
                  | found it in an ice cave)
 19522 | Lair:5   | Found a sparkling altar of Nemelex Xobeh.
 19806 | Lair:6   | Entered Level 6 of the Lair of Beasts
 19806 | Lair:6   | Found a staircase to the Slime Pits.
 19806 | Lair:6   | Found a viscous altar of Jiyva.
 19809 | Lair:6   | Gained mutation: Your tail ends in a poisonous barb. [Green
                  | Draconian growth]
 19809 | Lair:6   | Reached XP level 14. HP: 110/118 MP: 15/25
 20312 | Lair:6   | Identified a scroll of acquirement
 20313 | Lair:6   | Identified the ring of the Fool {*Contam rN+++ MP+9 Dex+3}
                  | (You acquired it on level 6 of the Lair of Beasts)
 20313 | Lair:6   | Identified Tacsin's Tome of Confrontation (You acquired it
                  | on level 6 of the Lair of Beasts)
 20374 | Lair:6   | Reached skill level 10 in Fighting
 20751 | Lair:6   | Reached skill level 1 in Invocations
 21037 | Swamp:1  | Entered Level 1 of the Swamp
 21291 | Swamp:1  | HP: 3/119 [death drake (14)]
 21810 | Swamp:1  | Learned a level 5 spell: Summon Mana Viper
 21879 | Swamp:1  | Reached skill level 1 in Summonings
 22475 | Swamp:1  | Noticed Frances
 22479 | Swamp:1  | Killed Frances
 22479 | Swamp:1  | Identified Veedeap's Catalogue of Arcane Weapons (Sif Muna
                  | gifted it to you on level 1 of the Swamp)
 22479 | Swamp:1  | Received a gift from Sif Muna
 22714 | Swamp:2  | Reached skill level 5 in Summonings
 24455 | Swamp:3  | Entered Level 3 of the Swamp
 24714 | Swamp:3  | Noticed a thorn hunter
 24721 | Swamp:3  | Killed a thorn hunter
 24721 | Swamp:3  | Reached XP level 15. HP: 37/128 MP: 0/26
 24933 | Swamp:3  | Noticed a thorn hunter
 24999 | Swamp:3  | Killed a thorn hunter
 25021 | Swamp:2  | Slain by a shambling mangrove

Skill      XL: |  1  2  3  4  5  6  7  8  9 10 11 12 13 14 15 |
---------------+----------------------------------------------+-----
Spellcasting   | 3 4 6 7 |  7.7
Conjurations   | 5 6 7 8 9 12 14 | 14.0
Hexes          | 3 5 6 7 |  7.4
Dodging        | 4 6 8 9 |  9.4
Fighting       | 5 6 9 10 | 10.4
Necromancy     | 3 5 |  5.0
Poison Magic   | 6 10 12 | 12.0
Charms         | 1 5 |  5.0
Invocations    | 3 |  3.6
Summonings     | 7 8 |  8.0
Stealth        | |  2.0

Action                   |  1- 3 |  4- 6 |  7- 9 | 10-12 | 13-15 || total
-------------------------+-------+-------+-------+-------+-------++-------
Melee: Dagger            |    63 |    60 |   125 |   115 |    27 ||   390
       Unarmed           |     3 |       |       |       |       ||     3
       Tailslap          |     3 |     8 |    15 |    12 |    15 ||    53
       Hand axe          |       |       |    30 |       |       ||    30
       Halberd           |       |       |       |       |    86 ||    86
       Staff             |       |       |       |       |    79 ||    79
 Cast: Magic Dart        |    36 |    59 |    41 |   118 |    78 ||   332
       Searing Ray       |     3 |    12 |    39 |    69 |    28 ||   151
       Fulminant Prism   |       |       |    11 |    76 |    15 ||   102
       Poison Arrow      |       |       |       |    24 |   215 ||   239
       Confuse           |       |       |       |     1 |     5 ||     6
       Mephitic Cloud    |       |       |       |       |     8 ||     8
       Regeneration      |       |       |       |       |     3 ||     3
       Summon Mana Viper |       |       |       |       |     2 ||     2
Invok: Divine Energy     |       |       |       |     1 |       ||     1
 Abil: Breathe Noxious F |       |       |    17 |    29 |    17 ||    63
Evoke: Wand              |       |       |       |    29 |    12 ||    41
  Use: Scroll            |       |     3 |     3 |    18 |    15 ||    39
       Potion            |       |       |       |     2 |    12 ||    14
 Stab: Sleeping          |     2 |     2 |     2 |       |       ||     6
       Confused          |       |       |     3 |     1 |     4 ||     8
       Paralysed         |       |       |       |     7 |       ||     7
  Eat: Chunk             |     4 |    10 |    26 |    68 |    78 ||   186
       Ration            |       |       |       |     2 |     4 ||     6
Armor: Skin              |    13 |    33 |   106 |    74 |   112 ||   338
Dodge: Dodged            |    45 |    60 |   228 |   219 |   379 ||   931
       Deflected         |       |       |     7 |     7 |    10 ||    24
